Map: Terraform LE (Void)

Players

Beastyqt - Winner!

  • Race: Terran Terran
  • League: Diamond

TOP

  • Race: Terran Terran
  • League: Master

VOD

Have the link to the VOD?

Description

Time

  • Played on: Sept. 5, 2015, 7:34 p.m.
  • Length: 17:30
Show
View Real Time Build Order
Export as new Build Order

Beastyqt Terran - Winner!

Build Orders: Reaper Expand, Bio Tank, MMM Bio 

Get SALT Encoding   

  12  0:01  SCV  
  13  0:13  SCV  
  14  0:18  Supply Depot  
  14  0:25  SCV  
  15  0:39  SCV  
  15  0:42  Barracks  
  16  0:45  Refinery  
  16  0:51  SCV  
  17  1:03  SCV  
  18  1:15  SCV  
  19  1:30  Reaper  
  19  1:31  Orbital Command  
  20  1:42  Command Center  
  20  1:49  Supply Depot  
  20  1:58  SCV  
  21  2:02  Marine  
  21  2:08  Factory  
  21  2:10  SCV  
  22  2:17  Refinery  
  22  2:22  SCV, Barracks Reactor  
  23  2:34  SCV  
  24  2:47  SCV  
  25  2:52  Hellion  
  25  2:53  Starport  
  25  2:54  Orbital Command  
  27  2:59  Marine x2  
  27  3:02  SCV  
  30  3:10  Supply Depot  
  30  3:16  Factory Tech Lab  
  30  3:17  SCV  
  31  3:20  Marine  
  31  3:24  Bunker, Marine  
  33  3:32  Viking  
  34  3:37  Siege Tank  
  34  3:40  SCV  
  38  3:42  SCV  
  38  3:44  Marine  
  40  3:51  Marine  
  40  3:52  SCV  
  40  3:56  SCV  
  40  3:59  Supply Depot  
  41  4:04  SCV  
  41  4:05  Viking  
  41  4:08  SCV  
  45  4:14  Siege Tank  
  45  4:16  SCV  
  47  4:20  SCV  
  48  4:26  Refinery  
  48  4:28  SCV, Barracks Tech Lab  
  49  4:32  SCV  
  49  4:34  Engineering Bay  
  50  4:40  SCV  
  50  4:44  SCV  
  52  4:48  Marine  
  52  4:50  Viking x2  
  58  4:52  SCV  
  58  4:56  Supply Depot, SCV  
  59  5:01  Missile Turret x2  
  59  5:04  SCV  
  57  5:09  SCV  
  57  5:13  Missile Turret  
  56  5:17  SCV  
  56  5:20  Marine  
  56  5:21  SCV, Stimpack  
  59  5:25  Viking  
  61  5:29  SCV, Viking  
  64  5:40  Siege Tank, Marine  
  64  5:41  SCV  
  64  5:42  SCV  
  70  5:47  Supply Depot  
  70  5:49  Supply Depot  
  70  6:01  SCV  
  69  6:08  SCV  
  69  6:10  Barracks  
  69  6:11  Barracks  
  70  6:15  SCV  
  70  6:16  Missile Turret  
  70  6:18  Viking x2  
  74  6:22  SCV  
  74  6:24  Terran Infantry Weapons Level 1  
  70  6:27  SCV  
  68  6:35  Refinery  
  68  6:36  SCV, Refinery, Marine  
  70  6:44  Siege Tank  
  73  6:49  Barracks  
  73  6:50  Medivac  
  73  6:51  Barracks  
  75  6:55  Marine  
  75  6:56  SCV x2  
  78  7:03  Barracks Reactor  
  78  7:04  Barracks Reactor  
  79  7:08  SCV  
  79  7:09  Medivac  
  79  7:11  SCV  
  79  7:15  Supply Depot  
  82  7:16  Supply Depot  
  82  7:19  Marine  
  82  7:20  SCV  
  84  7:23  SCV, Combat Shields  
  85  7:39  Command Center  
  84  7:46  Barracks Reactor  
  84  7:47  Marine x3  
  84  7:48  Siege Tank, Marine  
  91  7:52  Supply Depot  
  91  7:53  Marine  
  91  7:55  Barracks Reactor  
  90  8:05  Medivac, Marine x3  
  94  8:06  Marine  
  96  8:26  Marine x2  
  93  8:27  Marine  
  93  8:28  Medivac  
  93  8:29  Marine x2  
  93  8:30  Marine  
  93  8:31  Marine x2  
  93  8:33  Marine  
  101  8:34  SCV x2  
  101  8:35  Medivac  
  101  8:38  Siege Tank  
  108  8:44  Marine x2  
  110  8:51  Marauder, Marine x4  
  110  8:52  Terran Infantry Armor Level 1  
  110  8:53  Supply Depot x2  
  116  8:58  Supply Depot  
  116  9:01  Marine x2  
  116  9:02  Bunker, Marine  
  119  9:12  Marine x4  
  123  9:23  Marauder, Marine  
  126  9:24  SCV  
  126  9:27  Armory, Orbital Command, SCV  
  126  9:30  Engineering Bay  
  128  9:31  Medivac  
  128  9:34  Concussive Shells  
  130  9:40  Marine x2  
  130  9:44  SCV x2  
  134  9:46  Supply Depot  
  134  9:48  Marine x5  
  137  9:53  SCV  
  133  10:05  Marine x2  
  121  10:07  Marine  
  121  10:08  SCV, Marine  
  121  10:10  Marine  
  121  10:11  Marine x3  
  121  10:12  Marine  
  121  10:14  SCV x2  
  98  10:23  Marine x2  
  101  10:29  Supply Depot, Sensor Tower, Missile Turret  
  101  10:30  Supply Depot, Marauder  
  103  10:37  Marine x3  
  103  10:40  Starport  
  105  10:44  Starport  
  105  10:46  Barracks Tech Lab  
  105  10:51  Missile Turret  
  105  10:52  Marauder  
  105  10:53  Refinery  
  105  10:56  Command Center, Refinery  
  107  11:00  Terran Ship Weapons Level 1  
  107  11:06  Terran Infantry Armor Level 2  
  107  11:10  Terran Infantry Weapons Level 2  
  107  11:12  Missile Turret  
  107  11:13  Marauder  
  107  11:17  Viking x2  
  113  11:19  Marine  
  113  11:20  Marauder  
  113  11:21  Marine  
  113  11:24  Marine x2  
  113  11:25  Marine  
  120  11:30  Marine  
  120  11:34  Marauder  
  120  11:37  Marine  
  120  11:39  Marine  
  124  11:41  Marine, Marauder  
  127  11:50  Marine  
  127  11:52  Marine x2  
  124  11:55  Marine  
  124  11:56  Marauder  
  124  11:57  Marine  
  124  11:58  Viking x2  
  124  11:59  Marine  
  124  12:00  Viking  
  124  12:02  Marine  
  124  12:06  Viking  
  124  12:08  Marine  
  128  12:19  Command Center  
  127  12:28  Marine  
  127  12:29  Armory, Marauder x2, Marine x2  
  130  12:37  SCV x2  
  130  12:43  Viking x2  
  134  12:48  Viking  
  134  12:50  Marine  
  137  12:56  Missile Turret  
  137  13:00  Orbital Command  
  137  13:02  Bunker  
  137  13:03  Liberator  
  137  13:04  Supply Depot, Liberator  
  137  13:11  Viking  
  137  13:12  Marauder, Marine  
  142  13:26  Liberator x2  
  146  13:36  Refinery  
  146  13:38  Supply Depot  
  144  13:41  Missile Turret  
  144  13:46  Liberator  
  150  13:51  Terran Ship Weapons Level 2  
  150  13:52  Terran Vehicle And Ship Armor Level 1  
  150  13:55  Liberator  
  150  14:06  Terran Infantry Weapons Level 3  
  150  14:07  Terran Infantry Armor Level 3  
  150  14:09  Liberator  
  154  14:19  Orbital Command  
  154  14:26  Sensor Tower  
  157  14:32  Marauder, Marine x2  
  157  14:33  Marauder  
  157  14:36  Sensor Tower  
  163  14:44  Medivac  
  165  14:46  Medivac  
  165  14:51  Barracks  
  165  14:52  Barracks x3  
  167  14:53  Barracks  
  167  14:54  Marauder  
  168  15:12  Command Center  
  167  15:16  Medivac x2  
  162  15:41  Marine x2, Medivac x2  
  162  15:42  Marine x2, Marauder x2  
  162  15:44  Marine x2  
  162  15:45  Marine x2  
  162  15:54  Command Center x2  
  164  16:02  Barracks Tech Lab  
  162  16:04  Barracks Tech Lab  
  162  16:05  Barracks Tech Lab x2  
  162  16:17  Marauder x2, Marine  
  166  16:25  Marine  
  166  16:26  Marauder x2  
  156  16:34  Barracks Tech Lab x2, Marauder  
  156  16:39  Marauder x2  
  138  16:40  Marine  
  138  16:41  Marine  
  138  16:47  Marauder x2, Marine  
  138  16:48  Planetary Fortress  
  138  16:51  Refinery  
  138  16:52  SCV x2, Refinery  
  143  16:55  Marauder  
  143  16:56  Refinery  
  143  17:00  Marauder  
  142  17:07  Marauder  
  142  17:08  Marine x6, Marauder x4  
Show
View Real Time Build Order
Export as new Build Order

TOP Terran 

Build Orders: 1/1/1, Mech, Banshee Rush, Siege Tank Drop 

Get SALT Encoding   

  12  0:00  SCV  
  13  0:13  SCV  
  14  0:18  Supply Depot  
  14  0:25  SCV  
  15  0:39  SCV  
  15  0:40  Barracks  
  16  0:44  Refinery  
  16  0:51  SCV  
  16  0:53  Refinery  
  17  1:03  SCV  
  18  1:16  SCV  
  19  1:28  Marine, Orbital Command  
  20  1:34  Factory  
  20  1:42  Supply Depot  
  20  1:46  Marine  
  21  1:56  SCV  
  22  2:04  Marine  
  23  2:08  SCV  
  24  2:17  Factory Tech Lab  
  24  2:19  Starport  
  24  2:21  SCV  
  24  2:22  Barracks Reactor  
  25  2:33  SCV  
  26  2:37  Supply Depot  
  26  2:39  Siege Tank  
  29  2:45  SCV  
  30  2:58  Marine, Medivac  
  30  2:59  Marine  
  34  3:16  Marine x2  
  36  3:26  Widow Mine  
  37  3:39  Banshee, Marine x2  
  42  3:42  Command Center  
  42  3:45  Cloaking Field  
  42  3:57  Factory Tech Lab, Marine x2  
  44  4:04  SCV  
  45  4:15  Marine x2  
  47  4:25  SCV, Siege Tank  
  48  4:37  SCV  
  49  4:44  Marine x2  
  51  4:49  SCV, Banshee  
  55  4:58  Command Center  
  55  5:01  SCV  
  55  5:02  Marine x2  
  59  5:09  Orbital Command  
  59  5:13  SCV  
  58  5:19  Marine  
  58  5:20  Marine  
  56  5:25  SCV  
  57  5:36  Factory  
  57  5:37  SCV, Marine  
  57  5:38  SCV, Factory  
  60  5:47  Marine  
  60  5:48  Refinery  
  61  5:50  Siege Tank  
  61  5:56  SCV  
  65  5:58  Refinery  
  61  6:05  SCV  
  61  6:08  SCV  
  61  6:17  SCV  
  62  6:20  SCV  
  62  6:25  Marine x2  
  65  6:29  SCV  
  65  6:32  SCV  
  64  6:41  SCV  
  64  6:44  SCV  
  64  6:46  Siege Tank  
  67  6:53  SCV  
  68  6:56  SCV, Starport Reactor, Orbital Command  
  68  6:58  Hellion, Siege Tank  
  68  6:59  Hellion  
  76  7:05  SCV  
  77  7:08  SCV  
  78  7:17  SCV  
  78  7:18  Cyclone  
  78  7:20  SCV  
  85  7:22  Hellion  
  85  7:27  Supply Depot  
  85  7:28  Supply Depot  
  85  7:30  SCV, Hellion  
  85  7:33  SCV  
  85  7:36  Siege Tank  
  92  7:42  SCV  
  92  7:43  Orbital Command  
  93  7:48  SCV, Viking x2  
  97  7:51  Armory  
  97  7:52  Supply Depot x2  
  97  7:54  SCV  
  97  7:56  Hellion x2  
  102  8:00  SCV  
  101  8:06  SCV  
  101  8:11  SCV  
  101  8:12  SCV  
  104  8:15  Orbital Command  
  104  8:18  SCV, Viking x2  
  109  8:24  SCV  
  102  8:30  SCV  
  96  8:36  SCV  
  96  8:37  Hellion x2  
  96  8:39  Hellion, Siege Tank  
  96  8:40  Hellion x2  
  107  8:42  SCV  
  75  8:48  Viking x2  
  107  8:49  Command Center, SCV  
  109  8:58  Command Center  
  109  9:04  Hellion  
  109  9:05  Supply Depot, Terran Vehicle Weapons Level 1  
  109  9:06  Supply Depot  
  110  9:19  Supply Depot  
  110  9:21  Hellion, Viking, Siege Tank  
  117  9:27  Viking, Siege Tank  
  121  9:39  Hellion  
  121  9:43  SCV x2  
  124  9:51  Viking  
  124  9:52  Hellion  
  128  9:53  Siege Tank  
  128  9:55  SCV  
  128  9:57  Viking  
  128  10:01  Siege Tank  
  128  10:02  Hellion  
  105  10:19  Hellion  
  106  10:25  Siege Tank  
  106  10:27  Hellion  
  109  10:33  Factory, Siege Tank  
  109  10:34  SCV x2  
  114  10:36  Orbital Command  
  114  10:40  Hellion  
  116  10:49  Hellion  
  118  10:52  SCV x2  
  120  11:02  Hellion  
  125  11:05  Factory, Siege Tank  
  125  11:10  Refinery x2  
  125  11:15  Siege Tank  
  125  11:17  Engineering Bay  
  128  11:25  Factory Tech Lab  
  128  11:26  Hellion x2  
  132  11:37  Siege Tank  
  135  11:42  Command Center  
  135  11:43  Terran Vehicle Weapons Level 2  
  132  11:47  Hellion  
  110  12:03  Siege Tank  
  110  12:04  Hellion  
  110  12:06  Siege Tank  
  120  12:08  Orbital Command  
  120  12:09  Hellion x2  
  124  12:17  Factory Reactor  
  122  12:25  Hellion  
  124  12:31  Siege Tank  
  124  12:35  Hellion  
  124  12:36  Liberator  
  124  12:37  Refinery, Liberator  
  132  12:38  Refinery  
  123  12:57  Hellion x2  
  133  13:03  Hellion x2  
  137  13:09  Orbital Command  
  142  13:16  Thor x2  
  146  13:21  SCV x2  
  148  13:33  SCV  
  152  13:36  Hellion x2, Viking  
  152  13:38  Viking  
  152  13:41  Hellion  
  159  13:52  Engineering Bay  
  159  13:55  Supply Depot  
  157  14:13  Hellion, Siege Tank  
  157  14:14  Hellion x2  
  169  14:20  Planetary Fortress, Sensor Tower  
  166  14:34  Hellion  
  166  14:38  Missile Turret  
  171  14:43  Viking  
  171  14:44  Viking  
  172  14:53  Mag-Field Accelerator  
  172  14:54  Siege Tank x2  
  178  15:00  Refinery x2  
  178  15:11  Hellion  
  178  15:13  Viking  
  176  15:14  Viking  
  143  15:43  Viking, Siege Tank  
  143  15:44  Hellion x2, Viking  
  143  15:49  Hellion  
  125  16:02  Cyclone x2  
  117  16:07  Hellion x2  
  117  16:08  Hellion  
  117  16:11  Hellion  
  125  16:13  Viking  
  125  16:14  Viking  
  72  16:43  Viking  
  72  16:44  Viking  
  72  17:01  Hellion x2  
Tags
 
Add a new tag
Caveats
  • Supply blocks, unpowered buildings, or Contaminate may cause inaccurate times.
  • Supply counts are checked every 10 seconds.